 Dungeon Crawl Stone Soup version 0.31-a0-631-g285b096dc4 (webtiles) character file.

Game seed: 14696862141682232452

54162 Newt the Protected (level 14, -6/75 HPs)
             Began as a Gargoyle Fighter on Aug 25, 2023.
             Was the Champion of Hepliaklqana.
             Mangled by Rupert
             ... wielding a +4 great mace of protection
              (30 damage)
             ... on level 4 of the Lair of Beasts.
             The game lasted 00:23:49 (17239 turns).

Newt the Protected (Gargoyle Fighter)              Turns: 17239, Time: 00:23:49

Health: -6/75      AC: 48    Str: 23    XL:     14   Next: 71%
Magic:  20/20      EV:  7    Int: 12    God:    Hepliaklqana [******]
Gold:   582        SH: 15    Dex: 16    Spells: 13/13 levels left

rFire   + + .        a - +6 hand axe of Hepliaklqana {freeze, rElec rC+ rN++ Dex+4}
rCold   + + +        F - +5 kite shield {rC+ rF+}
rNeg    + + +        K - +15 Maxwell's patent armour {-Cast -Tele rElec Will+ rCorr}
rPois   ∞            W - +1 hat {Stlth+}
rElec   +            q - scarf {rC+ rF+}
rCorr   +            u - +0 pair of gloves
SInv    .            (no boots)
Will    +++++        c - amulet of the Four Winds {rN+ Will+++ Clar} Stlth
                     e - +4 ring of protection
HPRegen 0.32/turn    C - +4 ring of slaying
MPRegen 0.17/turn

%: no teleportation, no spellcasting, clarity
@: mighty, flying
A: reduced essence, sickness immunity, AC +10, big wings, negative energy
resistance 1, electricity resistance, torment resistance 1, petrification
resistance, agile 1, clever 1, sturdy frame 1
a: Renounce Religion, Recall Ancestor, Ancestor Identity, Transference, Idealise


You were on level 4 of the Lair of Beasts.
You worshipped Hepliaklqana.
Hepliaklqana was exalted by your worship.
You visited 3 branches of the dungeon, and saw 18 of its levels.
You also visited: Sewer, Ossuary and Bailey.

You collected 2102 gold pieces.
You spent 1520 gold pieces at shops.

Inventory:

Hand Weapons
 a - the +6 hand axe of Hepliaklqana (weapon) {freeze, rElec rC+ rN++ Dex+4}
   (You found it in a sewer)

   Dex+4:     It affects your dexterity (+4).
   rC+:       It protects you from cold.
   rElec:     It insulates you from electricity.
   rN++:      It greatly protects you from negative energy.
 b - a +1 demon whip of chaos
 j - a +1 flail of venom
 U - a +2 heavy war axe
Missiles
 r - 54 poisoned darts
 w - 8 boomerangs (quivered)
 Q - 2 throwing nets
Armour
 q - a scarf of resistance (worn)
 u - a +0 pair of gloves (worn)
 y - a +1 helmet
 F - a +5 kite shield of resistance (worn)
 K - the +15 Maxwell's patent armour (worn) {-Cast -Tele rElec Will+ rCorr}
   (You found it in a bailey)

   rElec:     It insulates you from electricity.
   Will+:     It increases your willpower.
   -Cast:     It prevents spellcasting.
   -Tele:     It prevents most forms of teleportation.
   rCorr:     It protects you from acid and corrosion.
 L - +0 ice dragon scales
 O - a +0 kite shield
 W - a +1 hat of stealth (worn)
Jewellery
 c - the amulet of the Four Winds (around neck) {rN+ Will+++ Clar}
   (You found it on level 12 of the Dungeon)

   [amulet of nothing]

   rN+:       It protects you from negative energy.
   Will+++:   It greatly increases your willpower.
   Clar:      It protects you from confusion, rage, mesmerisation and fear.
 e - a +4 ring of protection (left hand)
 k - a ring of wizardry
 C - a +4 ring of slaying (right hand)
 D - a ring of protection from cold
 E - an amulet of guardian spirit
 P - a ring of see invisible
 Y - a +4 ring of protection
Wands
 x - a wand of acid (6)
 M - a wand of flame (24)
 X - a wand of digging (7)
Scrolls
 i - 3 scrolls of teleportation
 m - 3 scrolls of enchant armour
 n - 4 scrolls of immolation
 p - 3 scrolls of poison
 t - a scroll of silence
 v - 5 scrolls of identify
 A - 3 scrolls of fog
 B - 2 scrolls of revelation
 G - 4 scrolls of fear
 N - 2 scrolls of vulnerability
 Z - 3 scrolls of enchant weapon
Potions
 d - a potion of might
 f - 11 potions of heal wounds
 g - a potion of haste
 h - 6 potions of curing
 l - 3 potions of enlightenment
 o - 4 potions of lignification
 s - 6 potions of cancellation
 z - 2 potions of mutation
 H - 3 potions of magic
 I - 2 potions of brilliance
 J - 2 potions of resistance
 R - 3 potions of invisibility
 T - a potion of attraction
 V - a potion of ambrosia
Miscellaneous
 S - a phantom mirror (inert)


   Skills:
 - Level 8.0 Fighting
 - Level 9.6(12.0) Axes
 - Level 12.4(14.0) Maces & Flails
 - Level 6.0 Throwing
 - Level 14.0 Armour
 - Level 7.0 Shields
 - Level 9.0 Invocations
 + Level 7.3 Evocations


You had 13 spell levels left.
You didn't know any spells.
Your spell library contained the following spells:

 Spells                   Type           Power      Damage    Failure   Level
 Kiss of Death            Conj/Necr      0%         2d5       98%         1
 Magic Dart               Conj           0%         1d3       98%         1
 Sting                    Tmut/Pois      0%         1d3       98%         1
 Summon Small Mammal      Summ           0%         N/A       98%         1
 Poisonous Vapours        Pois/Air       0%         N/A       99%         2
 Searing Ray              Conj           0%         2d4       99%         2
 Call Canine Familiar     Summ           0%         N/A       100%        3
 Confusing Touch          Hex            0%         N/A       100%        3
 Inner Flame              Hex/Fire       0%         N/A       100%        3
 Mephitic Cloud           Conj/Pois/Air  0%         N/A       100%        3
 Portal Projectile        Hex/Tloc       0%         N/A       100%        3
 Summon Guardian Golem    Hex/Summ       0%         N/A       100%        3
 Vhi's Electric Charge    Tloc/Air       0%         N/A       100%        3
 Dispel Undead            Necr           0%         3d6       100%        4
 Fulminant Prism          Conj/Hex       0%         3d5       100%        4
 Leda's Liquefaction      Hex/Erth       0%         N/A       100%        4
 Olgreb's Toxic Radiance  Pois           0%         N/A       100%        4
 Arcjolt                  Conj/Air       0%         1d10      100%        5
 Freezing Cloud           Conj/Ice/Air   0%         6-21      100%        5
 Summon Forest            Summ/Tloc      0%         N/A       100%        5
 Summon Mana Viper        Hex/Summ       0%         N/A       100%        5
 Yara's Violent Unravell  Hex/Tmut       0%         3d3       100%        5
 Plasma Beam              Fire/Air       0%         2x1d10    100%        6
 Summon Cactus Giant      Summ           0%         N/A       100%        6
 Enfeeble                 Hex            0%         N/A       100%        7
 Chain Lightning          Conj/Air       0%         N/A       100%        9
 Fire Storm               Conj/Fire      0%         5d1       100%        9
 Shatter                  Erth           0%         3d5*      100%        9


Dungeon Overview and Level Annotations

Branches:
Dungeon (12/15)            Temple (0/1) D:5            Lair (4/5) D:9
  Swamp (0/4) Lair:3       Spider (0/4) Lair:2          Orc (2/2) D:11
    Elf (0/3) Orc:2         Sewer (visited)         Ossuary (visited)
 Bailey (visited)
  Slime: Lair:4-5

Altars:
Ashenzari
Cheibriados
Elyvilon
Fedhas
Gozag
Hepliaklqana
Makhleb
Qazlal
Sif Muna
Vehumet
Wu Jian
Xom

Shops:
D:10 (   Orc:2 :*==*

Annotations:
Lair:4 Rupert


Innate Abilities, Weirdness & Mutations

Your life essence is reduced to manifest your ancestor. (-10% HP)
You are immune to sickness and miasma.
Your stone body is resilient. (AC +10)
You are immune to poison.
Your large and strong wings let you fly.
You resist negative energy. (rN+)
You are resistant to electric shocks. (rElec)
You are resistant to unholy torment.
You are immune to petrification.
You are agile. (Dex +4, Str/Int -1)
Your mind is acute. (Int +4, Str/Dex -1)
Your movements are slightly less encumbered by armour. (ER -2)


Message History

You slash the hell rat! You freeze the hell rat. You slash the water moccasin!
You freeze the water moccasin. You hit the hell rat. You freeze the hell rat.
You closely miss the hell rat. You block Rupert's attack.
The hell rat bites you but does no damage.
The hell rat closely misses you.
The water moccasin bites you but does no damage.
The hell rat bites you but does no damage.
You closely miss Rupert.
Rupert is severely wounded.
You slash the hell rat! You freeze the hell rat.
You kill the hell rat!
You hit the water moccasin. You freeze the water moccasin.
You kill the water moccasin!
You slash the hell rat! You freeze the hell rat.
You kill the hell rat!
You closely miss the hell rat.
Rupert hits you with a +4 great mace of protection!
You block the hell rat's attack. Rupert hits you but does no damage.
Unknown command.
You barely miss Rupert.
Rupert is severely wounded.
You barely miss the hell rat. Rupert hits you but does no damage.
The hell rat closely misses you.
Unknown command.
Unknown command.
You slash Rupert! You freeze Rupert.
Rupert is almost dead.
You hit the skyshark. You freeze the skyshark. You barely miss the hell rat.
You block Rupert's attack. You block the skyshark's attack. x2
The skyshark tail-slaps you but does no damage.
The hell rat bites you but does no damage.
Unknown command.
Unknown command.
You barely miss Rupert.
Rupert is severely wounded.
You slash the skyshark! You freeze the skyshark. You slash the hell rat!
You freeze the hell rat.
You kill the hell rat!
Rupert hits you with a +4 great mace of protection!!
You die...

##....#.# ...P..
##.#...#. ##♣.......
#.......#### ##.P.......
#..........# #P........P
#.........####..........
#............!..........
.........##....(........
.........#......††.....$
.........#......@@).....
............#...†l......
...........###♣.........
..........## #♣....P...
..........# .........
.........## ....P.P..
....<...## .♣♣♣.....
#.......# .. .....
#.#...###


You could see Rupert (berserk) and a skyshark.

Vanquished Creatures
  A balrug (Orc:1)
  An orc warlord (Orc:1)
  An ettin (Orc:2)
  3 hydras
  4 two-headed ogres
  A death yak (Lair:3)
  2 orc high priests
  4 skysharks (Lair:3)
  A deep elf pyromancer (D:11)
  3 orc knights (Orc:2)
  An orc sorcerer (Orc:2)
  2 ugly things
  A will-o-the-wisp (Lair:3)
  3 cyclopes
  A manticore (D:12)
  6 elephants (Lair:3)
  2 black mambas (Lair:3)
  Jeremiah (D:6)
  3 cane toads
  4 kobold demonologists
  2 rime drakes (Lair:3)
  5 komodo dragons
  4 trolls
  Prince Ribbit (D:7)
  A polar bear (Lair:2)
  2 saltlings (Orc:2)
  2 hornets
  6 slime creatures
  2 wraiths
  A shadow (D:10)
  30 yaks
  A vampire (D:11)
  4 wyverns
  2 basilisks (Lair:3)
  2 redbacks (Lair:2)
  7 wargs
  Edmund (D:6)
  17 water moccasins
  Duvessa (D:6)
  An ice beast (D:4)
  12 orc warriors
  A sky beast (D:7)
  3 ogres
  2 wolves (Lair:1)
  2 centaurs
  20 bullfrogs
  2 kobold brigands
  4 scorpions
  2 wights
  8 jellies
  Dowan (D:6)
  11 killer bees
  5 vampire bats (Bailey)
  2 howler monkeys (D:12)
  2 wolf zombies (Bailey)
  A centaur zombie (Ossuary)
  3 hounds
  10 orc priests
  Crazy Yiuf (D:6)
  2 iguanas
  A sleepcap (D:7)
  13 orc wizards
  3 hell rats (Lair:4)
  4 mummies
  10 gnolls
  8 adders
  3 ufetubi
  A worm (D:4)
  A dart slug (D:2)
  50 orcs
  2 bats (D:1)
  20 endoplasms
  16 giant cockroaches
  5 hobgoblins
  14 kobolds
  9 quokkas
  9 ball pythons
  12 frilled lizards
  10 goblins
  5 hobgoblin zombies (Ossuary)
  14 orc zombies (Bailey)
  4 rats
445 creatures vanquished.

Vanquished Creatures (collateral kills)
  Erica (D:8)
  2 two-headed ogres
  4 orc knights
  3 orc sorcerers
  A black mamba (Lair:2)
  2 elephants (Lair:3)
  A torpor snail (Lair:3)
  3 cane toads
  2 gargoyles
  3 komodo dragons
  A polar bear (Lair:1)
  A troll (Orc:2)
  2 hornets (D:9)
  3 saltlings (Orc:2)
  A vampire (Bailey)
  A slime creature (D:12)
  2 wraiths (D:12)
  6 yaks
  2 basilisks (Lair:3)
  2 vampire mosquitoes (D:12)
  3 water moccasins
  11 orc warriors
  2 black bears
  2 wolves
  2 centaurs
  4 bullfrogs
  A gnoll sergeant (D:8)
  A scorpion (D:5)
  3 killer bees
  2 vampire bats (Bailey)
  2 wolf zombies (Bailey)
  3 hounds
  4 centaur zombies (Ossuary)
  10 orc priests
  2 jellies
  An iguana (D:5)
  A sleepcap (D:4)
  6 orc wizards
  2 mummies (Ossuary)
  2 adders (D:3)
  7 gnolls
  A white imp (D:5)
  32 orcs
  2 endoplasms (Lair:2)
  A hobgoblin (D:3)
  2 kobolds
  A frilled lizard (D:3)
  2 hobgoblin zombies (Ossuary)
  7 orc zombies (Bailey)
162 creatures vanquished.

Vanquished Creatures (others)
  5 battlemagi
  An orc wizard (D:11)
  2 orcs (D:8)
  4 foxfires (Lair:3)
12 creatures vanquished.

Grand Total: 619 creatures vanquished

Notes
Turn   | Place    | Note
-------+----------+-------------------------------------------
     0 | D:1      | Newt the Gargoyle Fighter began the quest for the Orb.
     0 | D:1      | Reached XP level 1. HP: 14/14 MP: 1/1
   158 | D:1      | Reached XP level 2. HP: 20/20 MP: 2/2
   606 | D:2      | Found a hazy altar of Hepliaklqana.
   708 | D:2      | Became a worshipper of Hepliaklqana the Forgotten
   721 | D:2      | Reached XP level 3. HP: 24/24 MP: 3/3
  1039 | D:2      | Reached skill level 5 in Fighting
  1277 | D:3      | Reached XP level 4. HP: 31/31 MP: 4/4
  1277 | D:3      | Found a glowing drain.
  1289 | Sewer    | Entered a sewer
  1474 | Sewer    | Noticed a bullfrog
  1474 | Sewer    | Noticed a bullfrog
  1482 | Sewer    | Killed a bullfrog
  1483 | Sewer    | Reached XP level 5. HP: 18/35 MP: 5/5
  1489 | Sewer    | Reached skill level 4 in Armour
  1489 | Sewer    | Reached XP level 6. HP: 5/40 MP: 6/6
  1658 | Sewer    | Identified the +6 hand axe of Hepliaklqana {freeze, rElec
                  | rC+ rN++ Dex+4}
  1890 | D:3      | Reached * piety under Hepliaklqana
  1897 | D:3      | Reached skill level 5 in Armour
  2651 | D:4      | Noticed a black bear
  2657 | D:4      | Killed a black bear
  2658 | D:4      | Reached skill level 6 in Armour
  2658 | D:4      | Reached skill level 1 in Axes
  2658 | D:4      | Reached XP level 7. HP: 31/39 MP: 7/7
  3257 | D:4      | Reached ** piety under Hepliaklqana
  3258 | D:4      | Remembered your ancestor Aylmer as a battlemage
  3411 | D:5      | Entered Level 5 of the Dungeon
  3580 | D:5      | Reached XP level 8. HP: 43/44 MP: 8/8
  3612 | D:5      | Noticed a two-headed ogre
  3619 | D:5      | Killed a two-headed ogre
  4034 | D:5      | Found a staircase to the Ecumenical Temple.
  4152 | D:5      | Identified the +3 falchion of the Eternal Void {elec, rCorr
                  | SInv}
  4380 | D:5      | Reached XP level 9. HP: 49/49 MP: 9/9
  4746 | D:6      | Found a snail-covered altar of Cheibriados.
  4758 | D:6      | Found a stormy altar of Qazlal.
  4760 | D:6      | Found a burning altar of Makhleb.
  4760 | D:6      | Found a hazy altar of Hepliaklqana.
  4760 | D:6      | Found an ornate altar of the Wu Jian Council.
  4760 | D:6      | Found a shimmering blue altar of Sif Muna.
  4760 | D:6      | Found a white marble altar of Elyvilon.
  4761 | D:6      | Found a broken altar of Ashenzari.
  4854 | D:6      | Noticed Dowan
  4856 | D:6      | Noticed Duvessa
  4857 | D:6      | Killed Dowan
  4865 | D:6      | Killed Duvessa
  4951 | D:6      | Reached *** piety under Hepliaklqana
  4951 | D:6      | Found a runed translucent door.
  4952 | D:6      | Noticed Crazy Yiuf
  4956 | D:6      | Killed Crazy Yiuf
  5018 | D:6      | Found a sand-covered staircase.
  5026 | Ossuary  | Entered an ossuary
  5036 | Ossuary  | Reached skill level 1 in Evocations
  5570 | D:6      | Noticed Edmund
  5571 | D:6      | Noticed Jeremiah
  5580 | D:6      | Killed Edmund
  5593 | D:6      | Killed Jeremiah
  5910 | D:6      | Reached skill level 5 in Evocations
  5913 | D:6      | Reached skill level 1 in Invocations
  6113 | D:7      | Reached XP level 10. HP: 57/57 MP: 12/12
  6168 | D:7      | Noticed Prince Ribbit
  6173 | D:7      | Killed Prince Ribbit
  6338 | D:7      | Reached skill level 5 in Invocations
  6748 | D:8      | Reached **** piety under Hepliaklqana
  6873 | D:8      | Found a radiant altar of Vehumet.
  6926 | D:8      | Noticed Erica
  6932 | D:8      | Killed Erica
  7199 | D:9      | Noticed a two-headed ogre
  7206 | D:9      | Killed a two-headed ogre
  7207 | D:9      | Reached skill level 7 in Armour
  7254 | D:9      | Found a staircase to the Lair.
  7257 | D:9      | Reached XP level 11. HP: 61/61 MP: 17/17
  7259 | D:9      | Reached skill level 8 in Armour
  7293 | D:9      | Found a flagged portal.
  7298 | Bailey   | Entered a bailey
  7368 | Bailey   | Reached skill level 9 in Armour
  7471 | Bailey   | Found the +15 Maxwell's patent armour {-Cast -Tele rElec
                  | Will+ rCorr}
  7616 | D:9      | Gained mutation: You are agile. (Dex +4, Str/Int -1)
                  | [potion of mutation]
  7821 | D:9      | Reached skill level 10 in Armour
  7864 | D:9      | Found a shimmering altar of Xom.
  7940 | D:9      | Found a blossoming altar of Fedhas.
  8320 | D:10     | Entered Level 10 of the Dungeon
  8431 | D:10     | Reached skill level 11 in Armour
  8574 | D:10     | Found Qessu's Weapon Shoppe.
  8641 | D:10     | Reached ***** piety under Hepliaklqana
  8731 | D:10     | Found an opulent altar of Gozag.
  8987 | D:10     | Noticed a sun demon
  8994 | D:10     | Reached skill level 12 in Armour
  9298 | D:11     | Noticed a cyclops
  9305 | D:11     | Killed a cyclops
  9386 | D:11     | Reached skill level 13 in Armour
  9422 | D:11     | Noticed a deep elf pyromancer
  9426 | D:11     | Killed a deep elf pyromancer
  9427 | D:11     | Reached XP level 12. HP: 65/65 MP: 18/18
  9554 | D:11     | Found a staircase to the Orcish Mines.
  9878 | D:11     | Found a snail-covered altar of Cheibriados.
 10023 | D:11     | Reached skill level 14 in Armour
 10229 | D:12     | Reached skill level 1 in Throwing
 10320 | D:12     | Noticed a two-headed ogre
 10328 | D:12     | Killed a two-headed ogre
 10480 | D:12     | Reached skill level 5 in Throwing
 10486 | D:12     | Found the amulet of the Four Winds {rN+ Will+++ Clar}
 10512 | D:12     | Lost mutation: You are agile. (Dex +4, Str/Int -1) [potion
                  | of mutation]
 10512 | D:12     | Gained mutation: You are agile. (Dex +4, Str/Int -1)
                  | [potion of mutation]
 10512 | D:12     | Gained mutation: You have hidden genetic defects. [potion
                  | of mutation]
 10512 | D:12     | Gained mutation: You possess an exceptional clarity of
                  | mind. [potion of mutation]
 10513 | D:12     | Lost mutation: You have hidden genetic defects. [potion of
                  | mutation]
 10513 | D:12     | Lost mutation: You possess an exceptional clarity of mind.
                  | [potion of mutation]
 10513 | D:12     | Lost mutation: You are agile. (Dex +4, Str/Int -1) [potion
                  | of mutation]
 10513 | D:12     | Gained mutation: Your movements are slightly less
                  | encumbered by armour. (ER -2) [potion of mutation]
 10513 | D:12     | Gained mutation: Your mind is acute. (Int +4, Str/Dex -1)
                  | [potion of mutation]
 10513 | D:12     | Gained mutation: You are agile. (Dex +4, Str/Int -1)
                  | [potion of mutation]
 10893 | Orc:1    | Entered Level 1 of the Orcish Mines
 10993 | Orc:1    | Noticed a soul eater
 11248 | Orc:1    | Noticed an orc warlord
 11259 | Orc:1    | Killed an orc warlord
 11593 | Orc:1    | Noticed an orc high priest
 11600 | Orc:1    | Noticed a soul eater
 11600 | Orc:1    | Noticed a soul eater
 11606 | Orc:1    | Killed an orc high priest
 11953 | Orc:1    | Found a runed translucent door.
 11956 | Orc:1    | Noticed a balrug
 12247 | Orc:1    | Killed a balrug
 12248 | Orc:1    | Reached XP level 13. HP: 54/70 MP: 19/19
 12371 | Orc:2    | Entered Level 2 of the Orcish Mines
 12457 | Orc:2    | Found a staircase to the Elven Halls.
 12473 | Orc:2    | Noticed an ettin
 12480 | Orc:2    | Killed an ettin
 12481 | Orc:2    | Reached skill level 5 in Maces & Flails
 12544 | Orc:2    | Found Weakys's General Store.
 12614 | Orc:2    | Bought a +0 kite shield of resistance for 504 gold pieces
 12614 | Orc:2    | Bought a scroll of enchant armour for 120 gold pieces
 12614 | Orc:2    | Bought a scroll of identify for 32 gold pieces
 12614 | Orc:2    | Bought a potion of heal wounds for 80 gold pieces
 12923 | Orc:2    | Found Ubbaid's Book Boutique.
 13224 | Orc:2    | Found Uwninodd's General Store.
 13230 | Orc:2    | Bought a potion of might for 64 gold pieces
 13230 | Orc:2    | Bought a scroll of vulnerability for 64 gold pieces
 13230 | Orc:2    | Bought a potion of degeneration for 16 gold pieces
 13244 | Orc:2    | Reached skill level 5 in Shields
 13741 | Orc:2    | Found Man Huom's Jewellery Shoppe.
 13774 | Orc:2    | Found Xaevakk's Jewellery Shop.
 14074 | Orc:2    | Bought a phantom mirror for 640 gold pieces
 14306 | Lair:1   | Entered Level 1 of the Lair of Beasts
 14435 | Lair:1   | Reached ****** piety under Hepliaklqana
 15171 | Lair:2   | Reached skill level 10 in Maces & Flails
 15179 | Lair:2   | Gained mutation: Your large and strong wings let you fly.
                  | [Gargoyle growth]
 15179 | Lair:2   | Reached XP level 14. HP: 61/75 MP: 20/20
 15303 | Lair:2   | Found a hole to the Spider Nest.
 16187 | Lair:3   | Found the +3 giant club "Skullcrusher" {speed, Str+7}
 16377 | Lair:3   | Found a staircase to the Swamp.
 17217 | Lair:4   | Noticed Rupert
 17239 | Lair:4   | Mangled by Rupert

Illustrated notes

Levels and vault maps discovered:
D:1:      dpeg_arrival_simpleton_c, layout_rooms, chequers_big_river,
          minmay_misc_feat_x
D:2:      layout_basic, serial_corexii_hall, corexii_hall_statues_deadend,
          corexii_hall_statues_x, basic_altar
D:3:      layout_basic, gup_sewer_entry_pipe, minmay_circle_x
D:4:      cheibrodos_barr_body, layout_gridville, minivault_23,
          minmay_close_crescents
D:5:      layout_basic, minmay_temple_entry_poolview, serial_rivers,
          chequers_serial_rivers_micro_e, chequers_serial_rivers_small_a,
          chequers_serial_rivers_micro_b, chequers_serial_rivers_micro_e,
          chequers_serial_rivers_room_b, chequers_serial_rivers_small_3
D:6:      layout_basic, grunt_temple_overflow_open, gup_ossuary_entry_pyramid,
          uniq_crazy_yiuf_cottage, uniq_edmund, uniq_duvessa, uniq_jeremiah
D:7:      layout_gridville, uniq_prince_ribbit1
D:8:      layout_rooms, fiery_altar_vehumet, kennysheep_generic_room_5,
          uniq_erica
D:9:      layout_cave_pods, mainiacjoe_overflow_paths, fedhas_ov_isle_minmay,
          erik_lair_orcish_takeover, enter_bailey_3
D:10:     layout_cave_pods, nicolae_overflow_crystal_walls, serial_shops, shop
D:11:     layout_loops_ring, erik_orc_2, cheibriados_altar_1
D:12:     layout_rooms, lemuel_flame_loot_1
Lair:1:   layout_chaotic_city, grunt_forest_stairs_basic
Lair:2:   lemuel_slime, layout_chaotic_city, spider_nest_entry_webs,
          wad_woods_road_01, minivault_11, serial_bayou_shore_a
Lair:3:   nzn_winding_woodlands_stair_trap
          [nzn_winding_woodlands_5x15_longhouse,
          nzn_winding_woodlands_5x15_cabin, nzn_winding_woodlands_5x15_crooked,
          nzn_winding_woodlands_15x15_killbox, nzn_winding_woodlands_5x15_twine,
          nzn_winding_woodlands_5x15_pathside_ponds,
          nzn_winding_woodlands_5x15_parted], layout_long_grid,
          minmay_swamp_entry_wisps, columned_hall_lemuel, beast_lair_carwin_3
Lair:4:   layout_cave_pods, grunt_forest_large_clearings, uniq_rupert, uniq_urug
Orc:1:    dreamdust_dug_too_deep, layout_caves, kennysheep_orc_chapel
Orc:2:    hellmonk_orc_salted, layout_diamond_mine, serial_shops,
          nicolae_shop_waterfront

Skill      XL: |  1  2  3  4  5  6  7  8  9 10 11 12 13 14 |
---------------+-------------------------------------------+-----
Fighting       | 4 5 8 |  8.0
Maces & Flails | 4 10 12 | 12.4
Armour         | 4 6 7 13 14 | 14.0
Axes           | 1 4 7 9 |  9.6
Evocations     | 5 7 |  7.3
Invocations    | 3 9 |  9.0
Throwing       | 6 |  6.0
Shields        | 7 |  7.0

Action                     |  1- 3 |  4- 6 |  7- 9 | 10-12 | 13-15 || total
---------------------------+-------+-------+-------+-------+-------++-------
  Melee: Flail             |   120 |    79 |       |       |     6 ||   205
         Hand axe          |       |    36 |   173 |   433 |   517 ||  1159
         Demon whip        |       |       |       |       |    13 ||    13
 Invoke: Ancestor Life: Ba |       |       |     1 |       |       ||     1
  Evoke: Wand              |       |       |     4 |     3 |       ||     7
         Phantom mirror    |       |       |       |       |     1 ||     1
    Use: Scroll            |     4 |       |     9 |    10 |     8 ||    31
         Potion            |       |     2 |     1 |     9 |     2 ||    14
   Stab: Distracted        |       |       |     1 |     6 |    18 ||    25
 Armour: Scale mail        |    69 |    58 |    41 |       |       ||   168
         Plate armour      |       |       |    48 |   266 |   322 ||   636
  Dodge: Dodged            |    51 |    44 |    52 |    95 |    97 ||   339
  Block: Buckler           |    25 |    43 |    23 |     9 |       ||   100
         Kite shield       |       |       |       |   167 |   357 ||   524

Table legend: (Time is in decaauts)
 A = Elapsed time spent in this place.
 B = Non-inter-level travel time spent in this place.
 C = Inter-level travel time spent in this place.
 D = Time resting spent in this place.
 E = Time spent auto-exploring this place.
 F = Levels seen in this place.
 G = Mean time per level.
                   A        B        C        D        E       F      G
               +--------+--------+--------+--------+--------+-----+--------+
         Total |  17306 |  16260 |   1046 |   1714 |  11429 |  21 |  824.1 |
       Dungeon |  10035 |   9421 |    614 |    612 |   6975 |  12 |  836.2 |
          Lair |   2863 |   2736 |    127 |    122 |   2079 |   4 |  715.8 |
  Orcish Mines |   3267 |   2962 |    305 |    855 |   1721 |   2 | 1633.5 |
         Sewer |    689 |    689 |      0 |    125 |    386 |   1 |  689.0 |
       Ossuary |    135 |    135 |      0 |      0 |     93 |   1 |  135.0 |
        Bailey |    315 |    315 |      0 |      0 |    174 |   1 |  315.0 |
               +--------+--------+--------+--------+--------+-----+--------+

Top non-repeatable levels by time:
   Orc:1: 1858 daAuts
   Orc:2: 1408 daAuts
  Lair:3: 1405 daAuts
     D:5: 1301 daAuts
     D:6: 1166 daAuts
    D:11: 1085 daAuts
    D:10: 931 daAuts
     D:3: 892 daAuts
     D:9: 833 daAuts
  Lair:2: 770 daAuts
     D:4: 769 daAuts
   Sewer: 689 daAuts
  Lair:1: 649 daAuts
    D:12: 634 daAuts
     D:7: 629 daAuts
